 Dungeon Crawl Stone Soup version 0.27-a0-1140-g099f9bb0e8 (webtiles) character file.

Game seed: 6315867133804217651

34 bilbop the Magician (level 3, 0/27 HPs)
             Began as a Djinni Air Elementalist on May 10, 2021.
             Slain by a black bear (2 damage)
             ... on level 2 of the Dungeon.
             The game lasted 00:06:13 (2036 turns).

bilbop the Magician (Djinni Air Elementalist)       Turns: 2036, Time: 00:06:14

Health: 0/27       AC:  2    Str:  7    XL:     3   Next: 31%
Gold:   48         EV: 12    Int: 16    God:
                   SH:  0    Dex: 14

rFire    + + .     SeeInvis .   b - +0 dagger
rCold    x . .     Faith    .   (no shield)
rNeg     . . .     Spirit   .   a - +0 robe
rPois    ∞         Reflect  .   (no helmet)
rElec    .         Harm     .   (no cloak)
rCorr    .         Rampage  .   (no gloves)
Will     .....                  (boots unavailable)
Stlth    ++........             (no amulet)
HPRegen  0.09/turn              (no ring)
MPRegen  0.00/turn              (no ring)

@: flying
A: sickness immunity, fire resistance 2, cold vulnerability 1, float, innate
caster, hp casting, extra vitality 1
a: no special abilities


You were on level 2 of the Dungeon.
You visited 1 branch of the dungeon, and saw 2 of its levels.

You collected 74 gold pieces.
You spent 26 gold pieces at shops.

Inventory:

Hand Weapons
 b - a +0 dagger (weapon)
Armour
 a - a +0 robe (worn)
Scrolls
 d - a scroll of magic mapping
 f - a scroll of vulnerability {unknown}
 j - a scroll of teleportation
Potions
 c - 2 potions of curing {unknown}
 e - a potion of cancellation {unknown}
 g - a potion of ambrosia {unknown}
 h - a potion of heal wounds {unknown}


   Skills:
 + Level 1.0 Fighting
 + Level 0.9 Long Blades
 - Level 2.1 Dodging
 + Level 2.0 Stealth
 * Level 3.1 Spellcasting


You couldn't memorise any spells.
You knew the following spells:

 Your Spells              Type           Power      Damage    Failure   Level
a - Shock                 Conj/Air       48%        1d6       4%          1
b - Static Discharge      Conj/Air       12%        N/A       8%          2
c - Swiftness             Air            12%        N/A       16%         3
d - Airstrike             Air            6%         N/A       45%         4
e - Lightning Bolt        Conj/Air       6%         1d18      80%         5
f - Animate Skeleton      Necr           24%        N/A       4%          1
Your spell library was empty.

Dungeon Overview and Level Annotations

Branches:
Dungeon (2/15)

Altars:

Shops:
D:2 ?


Innate Abilities, Weirdness & Mutations

You are immune to sickness and miasma.
You are immune to poison.
Your flesh is very heat resistant. (rF++)
You are vulnerable to cold. (rC-)
You float through the air rather than walking.
You learn spells naturally, not from books.
Your magical power is your life essence.
You have superior vitality. (+4 HP)


Message History

You are very lightly contaminated with residual magic.
Nothing appears to happen.
The zap hits the black bear.
The black bear is lightly wounded.
The zap hits the black bear.
The black bear is moderately wounded.
The zap hits the black bear.
The black bear is heavily wounded.
The zap hits the black bear.
The black bear is heavily wounded.
Casting: Shock (safe; 4% risk of failure)
Confirm with . or Enter, or press ? or * to list all spells.
The black bear is struck by an arc of lightning.
The black bear is heavily wounded.
The lightning grounds out.
The black bear bites you. The black bear claws you.
The black bear closely misses you.
Casting: Static Discharge (safe; 8% risk of failure)
Confirm with . or Enter, or press ? or * to list all spells.
The black bear is struck by an arc of lightning.
The black bear is severely wounded.
The lightning grounds out.
The black bear goes berserk!
Your magical contamination has completely faded away.
Casting: Static Discharge (safe; 8% risk of failure)
Confirm with . or Enter, or press ? or * to list all spells.
The black bear is struck by an arc of lightning.
The black bear is almost dead.
You are struck by an arc of lightning.
The lightning grounds out.
The black bear closely misses you. The black bear claws you!
* * * LOW HITPOINT WARNING * * *
The black bear barely misses you.
Casting: Static Discharge (safe; 8% risk of failure)
Confirm with . or Enter, or press ? or * to list all spells.
The black bear is struck by an arc of lightning.
The black bear is almost dead.
You are struck by an arc of lightning.
* * * LOW HITPOINT WARNING * * *
The lightning grounds out.
* * * LOW HITPOINT WARNING * * *
The black bear bites you.
You die...

#. #.###..#####.. #.##.#
#......... #..#.# #.########
####.#.# #.# #......# #.#
###### #.###.## #.####
#..... #..# #....# #.....
##.###....# #.....
##.#+###+##@.##....# #.....
B:........h#.##....####.....
#..?......#..#.............
#.........##.#.........####
...........##...........#
.....#######........#####
..... #........# ...h
#........# ...
####'###########


You could see a black bear (berserk).

Vanquished Creatures
  A worm (D:2)
  2 ball pythons (D:2)
  2 endoplasms (D:1)
  5 hobgoblins (D:1)
  5 jackals
  A quokka (D:2)
  3 bats (D:1)
  2 frilled lizards (D:1)
  2 goblins (D:1)
  4 kobolds (D:1)
  2 rats (D:1)
29 creatures vanquished.

Notes
Turn   | Place    | Note
-------+----------+-------------------------------------------
     0 | D:1      | bilbop the Djinni Air Elementalist began the quest for the
                  | Orb.
     0 | D:1      | Reached XP level 1. HP: 15/15 MP: 0/0
   565 | D:1      | Reached XP level 2. HP: 21/22 MP: 0/0
   920 | D:1      | Reached skill level 3 in Spellcasting
  1499 | D:1      | Reached XP level 3. HP: 23/26 MP: 0/0
  1499 | D:1      | Learned a level 1 spell: Animate Skeleton
  1584 | D:2      | Reached skill level 1 in Fighting
  1966 | D:2      | Found Coisug's Magic Scroll Boutique.
  1974 | D:2      | Bought a scroll of identify for 26 gold pieces
  2023 | D:2      | Noticed a black bear
  2036 | D:2      | Slain by a black bear

Illustrated notes

Levels and vault maps discovered:
D:1:      scummos_arrival_forest, layout_loops_corners
D:2:      layout_basic, serial_shops, shop, due_unseen_surprise, uniq_robin

Skill      XL: |  1  2  3 |
---------------+----------+-----
Spellcasting   | 3 |  3.1
Fighting       | 1 |  1.0
Stealth        | 2 |  2.0
Long Blades    | |  0.9
Dodging        | |  2.1

Action                   || total
-------------------------++-------
 Cast: Shock             ||    72
       Static Discharge  ||     4
  Use: Scroll            ||     2
Dodge: Dodged            ||     9

Table legend: (Time is in decaauts)
 A = Elapsed time spent in this place.
 B = Non-inter-level travel time spent in this place.
 C = Inter-level travel time spent in this place.
 D = Time resting spent in this place.
 E = Time spent auto-exploring this place.
 F = Levels seen in this place.
 G = Mean time per level.
                   A        B        C        D        E       F      G
               +--------+--------+--------+--------+--------+-----+--------+
         Total |   2035 |   2006 |     29 |    296 |   1580 |   2 | 1017.5 |
       Dungeon |   2035 |   2006 |     29 |    296 |   1580 |   2 | 1017.5 |
               +--------+--------+--------+--------+--------+-----+--------+

Top non-repeatable levels by time:
     D:1: 1550 daAuts
     D:2: 484 daAuts
